 Dungeon Crawl Stone Soup version 0.32-a0-913-g739538afd8 (webtiles) character file.

Game seed: 9439709950895963751

167802 olmar the Eclecticist (level 17, -9/226 HPs)
             Began as a Naga Alchemist on Apr 7, 2024.
             Was an Initiate of Gozag.
             Shot with an arrow by a deep elf master archer (19 damage)
             ... on level 3 of the Elven Halls.
             The game lasted 02:06:09 (38915 turns).

olmar the Eclecticist (Naga Alchemist)             Turns: 38915, Time: 02:06:09

Health: -9/226     AC: 13    Str: 11    XL:     17   Next: 93%
Magic:  33/38      EV:  9    Int: 26    God:    Gozag
Gold:   3491       SH:  0    Dex: 12    Spells: 19/51 levels left

rFire   + + .        a - staff of conjuration
rCold   + + .        s - orb {*channel}
rNeg    . . .        S - +0 robe "Xuamavvi" {rF+ Slay+3}
rPois   +            D - +2 hat {Int+3}
rElec   +            O - scarf {rC+ rF+}
rCorr   +            k - +0 pair of gloves "Vipuntet" {rPois rC+}
SInv    +            (no barding)
Will    +++..        U - amulet of regeneration Stlth
                     w - +4 ring of protection
HPRegen 1.37/turn    L - ring "Hossoiri" {rElec Will+ rCorr}
MPRegen 0.26/turn

%: channel magic (20%)
@: berserking, hasted, quick
A: AC +5, large, see invisible, deformed body, poison resistance, slowness 2,
spit poison 1, naga tail 2, no potion heal 1
a: Spit Poison, Renounce Religion, Potion Petition, Call Merchant, Bribe Branch


You were on level 3 of the Elven Halls.
You worshipped Gozag.
Gozag was most pleased with you.
You visited 5 branches of the dungeon, and saw 26 of its levels.
You also visited: Bailey, Gauntlet and Ice Cave.

You collected 8033 gold pieces.
You spent 1635 gold pieces at shops.
You paid 2907 gold pieces to Gozag.

Inventory:

Missiles
 r - 5 darts of dispersal
Armour
 k - the +0 pair of gloves "Vipuntet" (worn) {rPois rC+}
   (You acquired it on level 8 of the Dungeon)

   rC+:       It protects you from cold.
   rPois:     It protects you from poison.
 s - an orb of energy (worn)
 D - a +2 hat of intelligence (worn)
 E - the +4 robe of the Saviour {rPois Will+}
   (You took it off a deep elf sorcerer on level 3 of the Elven Halls)

   rPois:     It protects you from poison.
   Will+:     It increases your willpower.
 O - a scarf of resistance (worn)
 S - the +0 robe "Xuamavvi" (worn) {rF+ Slay+3}
   (You bought it in a shop on level 6 of the Dungeon)

   Slay+3:    It affects your accuracy & damage with ranged weapons and melee
   (+3).
   rF+:       It protects you from fire.
Magical Staves
 a - a staff of conjuration (weapon)
 N - a staff of alchemy
Jewellery
 d - a ring of flight
 h - a ring of positive energy
 q - the ring of Pahot {rC- Will+ AC+4 Int+6 Stlth+}
   (You took it off a deep elf sorcerer on level 3 of the Elven Halls)

   [ring of protection]

   AC+4:      It affects your AC (+4).
   Int+6:     It affects your intelligence (+6).
   rC-:       It makes you vulnerable to cold.
   Will+:     It increases your willpower.
   Stlth+:    It makes you more stealthy.
 w - a +4 ring of protection (left hand)
 J - a +5 ring of evasion
 L - the ring "Hossoiri" (right hand) {rElec Will+ rCorr}
   (You found it in a Gauntlet)

   [ring of resist corrosion]

   rElec:     It insulates you from electricity.
   Will+:     It increases your willpower.
   rCorr:     It protects you from acid and corrosion.
 Q - a ring of willpower
 U - an amulet of regeneration (around neck)
Wands
 j - a wand of acid (4)
 x - a wand of warping (20)
 F - a wand of flame (23)
 I - a wand of polymorph (3)
 Y - a wand of charming (7)
Scrolls
 c - 6 scrolls of poison
 g - a scroll of summoning
 l - 5 scrolls of enchant armour
 m - 13 scrolls of teleportation
 n - 4 scrolls of immolation
 o - 4 scrolls of revelation
 t - 4 scrolls of fear
 y - 2 scrolls of fog
 z - 3 scrolls of amnesia
 A - a scroll of silence
 C - a scroll of blinking
 K - 4 scrolls of identify
 M - 5 scrolls of noise
 T - 5 scrolls of vulnerability
Potions
 b - a potion of magic
 e - 4 potions of haste
 f - 9 potions of curing
 i - 6 potions of might
 p - 6 potions of resistance
 u - 9 potions of mutation
 v - 5 potions of attraction
 B - 4 potions of enlightenment
 H - 4 potions of heal wounds
 P - a potion of berserk rage
 W - a potion of cancellation
 Z - 3 potions of brilliance
Miscellaneous
 G - a phial of floods (inert)


   Skills:
 + Level 9.6 Fighting
 + Level 8.6 Staves
 - Level 1.5 Dodging
 + Level 15.4 Stealth
 + Level 17.9 Spellcasting
 * Level 10.3 Conjurations
 - Level 3.5 Hexes
 - Level 6.3 Fire Magic
 * Level 4.6 Earth Magic
 - Level 16.8 Alchemy
 + Level 4.6 Evocations


You had 19 spell levels left.
You knew the following spells:

 Your Spells              Type           Power      Damage    Failure   Level
a - Sting                 Conj/Alch      100%       1d9       1%          1
b - Mercury Vapours       Alch/Air       100%       N/A       1%          2
c - Mephitic Cloud        Conj/Alch/Air  81%        N/A       1%          3
d - Sticky Flame          Fire/Alch      70%        2d11      2%          4
e - Yara's Violent Unrav  Hex/Alch       33%        3d14      4%          5
f - Olgreb's Toxic Radia  Alch           84%        N/A       1%          4
g - Ignite Poison         Fire/Alch      70%        N/A       2%          4
h - Bombard               Conj/Erth      37%        9d7       32%         6
i - Passwall              Erth           47%        N/A       4%          3

Your spell library contained the following spells:

 Spells                   Type           Power      Damage    Failure   Level
 Alistair's Intoxication  Alch           56%        N/A       1%          5
 Cigotuvi's Dreadful Rot  Necr/Alch/Air  100%       N/A       2%          2
 Scorch                   Fire           100%       2d9       2%          2
 Jinxbite                 Hex            82%        N/A       4%          2
 Hailstorm                Conj/Ice       66%        3d12      4%          3
 Inner Flame              Hex/Fire       49%        N/A       4%          3
 Flame Wave               Conj/Fire      79%        2d17      4%          4
 Iskenderun's Battlesphe  Conj           86%        2d13      4%          5
 Ensorcelled Hibernation  Hex/Ice        64%        N/A       7%          2
 Apportation              Tloc           46%        N/A       8%          1
 Freeze                   Ice            92%        1d9       8%          1
 Necrotise                Necr           92%        1d8       8%          1
 Summon Small Mammal      Summ           92%        N/A       8%          1
 Frozen Ramparts          Ice            46%        1d7       17%         3
 Fugue of the Fallen      Necr           23%        N/A       17%         3
 Ozocubu's Armour         Ice            23%        N/A       17%         3
 Summon Ice Beast         Ice/Summ       23%        N/A       17%         3
 Swiftness                Air            23%        N/A       17%         3
 Teleport Other           Tloc           23%        N/A       17%         3
 Vampiric Draining        Necr           23%        2d7       17%         3
 Sculpt Simulacrum        Ice/Alch       30%        N/A       24%         6
 Freezing Cloud           Conj/Ice/Air   29%        6-21      32%         5
 Martyr's Knell           Necr/Summ      23%        N/A       41%         4
 Summon Mana Viper        Hex/Summ       32%        N/A       47%         5
 Conjure Ball Lightning   Conj/Air       33%        3x3d11    58%         6
 Curse of Agony           Necr           23%        N/A       71%         5
 Spellforged Servitor     Conj/Summ      33%        N/A       98%         7
 Dispersal                Tloc           11%        N/A       99%         6
 Gell's Gavotte           Tloc           11%        2d(16-24) 99%         6
 Summon Cactus Giant      Summ           11%        N/A       99%         6
 Enfeeble                 Hex            20%        N/A       99%         7
 Manifold Assault         Tloc           11%        N/A       100%        7
 Monstrous Menagerie      Summ           11%        N/A       100%        7
 Ozocubu's Refrigeration  Ice            11%        4d10      100%        7
 Discord                  Hex            20%        N/A       100%        8
 Disjunction              Tloc           11%        N/A       100%        8
 Polar Vortex             Ice            11%        12d1*     100%        9


Dungeon Overview and Level Annotations

Branches:
Dungeon (15/15)            Temple (1/1) D:7            Lair (5/5) D:8
  Swamp (0/4) Lair:2       Spider (0/4) Lair:3        Slime (0/5) Lair:5
    Orc (2/2) D:9             Elf (3/3) Orc:2        Depths (0/4) D:15
 Bailey (visited)           IceCv (visited)         Gauntlet (visited)
 Vaults: D:13-14

Altars:
Ashenzari
Cheibriados
Dithmenos
Elyvilon
Fedhas
Gozag
Hepliaklqana
Kikubaaqudgha
Makhleb
Nemelex Xobeh
Okawaru
Qazlal
Ru
Sif Muna
Trog
Uskayaw
Vehumet
Wu Jian
Xom
Yredelemnul
Zin
The Shining One
Jiyva

Shops:
D:6 *   D:8 (   Orc:2 =[!*   Elf:2 (   Elf:3 ?!=[

Annotations:
D:8 2 transporters, discipleofbeogh's ghost, novice DsFi
D:13 1 runed translucent door, Biggs's ghost, journeyman CoHu
Temple 2 transporters
Lair:4 3 runed translucent doors, exclusion: oklob plant, Biggs's ghost, journeyman CoHu
Elf:2 3 runed translucent doors


Innate Abilities, Weirdness & Mutations

Your serpentine skin is tough. (AC +5)
You have supernaturally acute eyesight. (SInv)
Armour fits poorly on your strangely shaped body.
Your system is resistant to poisons. (rPois)
You cover ground very slowly.
You can spit poison.
You can use your snake-like lower body to constrict enemies.
Potions are less effective at restoring your health.


Message History

The deep elf master archer is poisoned.
You constrict the deep elf master archer!
The deep elf master archer burns!
The deep elf master archer shoots an arrow.
The arrow hits you!!
* * * LOW HITPOINT WARNING * * *
The deep elf master archer shoots an arrow.
The arrow hits you!!
* * * LOW HITPOINT WARNING * * *
Unknown command. [a] - 440 gold - heal wounds, berserk rage and haste [b] - 616 gold - haste, brilliance and magic [c] - 125 gold - heal wounds Purchase which effect?
You feel much better.
You constrict the deep elf master archer.
The deep elf master archer burns!
The deep elf master archer shoots an arrow.
The arrow hits you!
* * * LOW HITPOINT WARNING * * *
The deep elf master archer shoots an arrow.
The arrow hits you!!
* * * LOW HITPOINT WARNING * * *
Unknown command. [a] - 300 gold - brilliance, magic and curing [b] - 100 gold - heal wounds [c] - 500 gold - heal wounds, berserk rage and haste Purchase which effect?
You feel much better.
A red film seems to cover your vision as you go berserk!
You feel yourself moving faster!
You feel mighty!
You feel yourself speed up.
You constrict the deep elf master archer!
The deep elf master archer burns!
The deep elf master archer shoots an arrow.
The arrow hits you!!
* * * LOW HITPOINT WARNING * * *
The deep elf master archer shoots an arrow.
The arrow hits you!!
You die...
Your body crumbles into a pile of gold.

#.#...#...... ##....
# ##.....#.## ......
##.#..#.# ......
.....#..............
#...................
####.##.............
#.##.............
###e##.............
#.@.##.............
#.###..............
#.###.###..........
#.##...##..........
#..................
#.......)#.........
#........#.#.....#.
##.........##...##.
#.......#.#######.


You could see a deep elf master archer (burning, very poisoned).

Vanquished Creatures
  Saint Roka (Elf:2)
  3 deep elf blademasters (Elf:3)
  2 deep elf master archers (Elf:3)
  6 deep elf sorcerers (Elf:3)
  3 deep elf elementalists (Elf:3)
  A reaper (IceCv)
  A stone giant (D:15)
  3 deep elf death magi
  6 deep elf annihilators (Elf:3)
  A minotaur (Gauntlet)
  An entropy weaver (Gauntlet)
  Snorg (D:11)
  A rakshasa (D:13)
  A merfolk avatar (Lair:5)
  2 hydras (D:8)
  4 centaur warriors
  A catoblepas (Lair:2)
  An ogre mage (D:15)
  12 dancing weapons
  9 two-headed ogres
  6 boulder beetles
  3 orc high priests (Orc:2)
  15 deep elf knights
  Amaemon (D:8)
  4 skeletal warriors
  A skyshark (Lair:3)
  9 deep elf archers
  An arcanist (Gauntlet)
  An obsidian bat (Orc:2)
  5 thermic dynamos
  2 harpies (Lair:5)
  20 deep elf zephyrmancers
  32 deep elf pyromancers
  4 ugly things
  10 manticores
  5 orc sorcerers
  5 cyclopes
  A worldbinder (Gauntlet)
  15 elephants
  5 black mambas
  A moth of wrath (D:9)
  2 ice statues (IceCv)
  10 cane toads
  An orange demon (D:8)
  2 gargoyles
  2 unseen horrors (D:12)
  Jeremiah (D:6)
  3 rime drakes
  10 komodo dragons
  7 kobold demonologists
  5 ice devils (IceCv)
  A freezing wraith (IceCv)
  4 polar bears
  A queen bee (shapeshifter) (D:12)
  9 trolls
  2 hornets
  3 jumping spiders
  16 blink frogs
  Grinder (D:4)
  A snapping turtle (Lair:5)
  A culicivora (Lair:3)
  3 air elementals
  A vampire (D:11)
  2 shadows (D:9)
  Eustachio (D:4)
  2 spriggans (shapeshifter)
  4 slime creatures (D:12)
  2 wraiths
  5 wyverns
  3 water elementals (Elf:2)
  8 fire elementals
  32 yaks
  3 death yak simulacra (IceCv)
  2 basilisks
  Grum (Lair:1)
  Edmund (D:6)
  8 vampire mosquitoes
  2 wargs (Orc:2)
  3 steam dragons
  2 acid dragons
  2 harpy simulacra (IceCv)
  A hydra simulacrum (IceCv)
  14 water moccasins
  4 black bears
  37 orc warriors
  2 sky beasts
  4 ice beasts
  9 ogres
  9 wolves
  8 boggarts
  7 centaurs
  2 phantoms
  5 kobold brigands
  12 bullfrogs
  A gnoll sergeant (D:10)
  A two-headed ogre simulacrum (IceCv)
  An earth elemental (Elf:2)
  9 wights
  3 troll zombies (D:9)
  18 killer bees
  An elephant simulacrum (IceCv)
  3 vampire bats (Lair:5)
  6 electric eels
  6 howler monkeys
  3 jellies
  A bombardier beetle (D:7)
  2 hounds
  2 gnoll boudas
  25 orc priests
  3 iguanas
  2 sleepcaps (D:6)
  41 orc wizards
  A troll simulacrum (IceCv)
  3 spriggan simulacra (IceCv)
  A polar bear simulacrum (IceCv)
  3 ogre zombies (D:9)
  12 gnolls
  6 adders
  6 naga simulacra (IceCv)
  3 shadow imps
  14 white imps
  4 ufetubi (IceCv)
  A dart slug (D:4)
  5 ribbon worms
  79 orcs
  9 endoplasms
  3 giant cockroaches
  A gnoll zombie (D:9)
  17 goblins
  12 hobgoblins
  35 kobolds
  3 quokkas
  12 ball pythons
  7 bats
  3 frilled lizards
  2 gnoll skeletons (D:9)
  2 orc skeletons (D:9)
  13 orc zombies (D:9)
  9 rats
883 creatures vanquished.

Vanquished Creatures (collateral kills)
  An obsidian bat (Orc:2)
  An orc sorcerer (Orc:2)
  An orc warrior (Orc:2)
  4 orc wizards (Orc:2)
  2 orcs (Orc:2)
9 creatures vanquished.

Vanquished Creatures (others)
  A hound (D:6)
1 creature vanquished.

Grand Total: 893 creatures vanquished

Notes
Turn   | Place    | Note
-------+----------+-------------------------------------------
     0 | D:1      | olmar the Naga Alchemist began the quest for the Orb.
     0 | D:1      | Reached XP level 1. HP: 15/15 MP: 3/3
   177 | D:1      | Reached XP level 2. HP: 22/22 MP: 5/5
   439 | D:1      | Learned a level 2 spell: Mercury Vapours
   463 | D:1      | Found a faded altar of an unknown god.
   558 | D:1      | Reached XP level 3. HP: 26/28 MP: 3/6
   724 | D:1      | Learned a level 3 spell: Mephitic Cloud
  1574 | D:2      | Reached XP level 4. HP: 36/36 MP: 5/7
  1648 | D:2      | Reached skill level 3 in Spellcasting
  2139 | D:3      | Reached skill level 5 in Spellcasting
  2139 | D:3      | Reached skill level 5 in Conjurations
  2139 | D:3      | Reached XP level 5. HP: 51/51 MP: 9/13
  2425 | D:4      | Noticed Grinder
  2428 | D:4      | Paralysed by Grinder for 5 turns
  2443 | D:4      | Killed Grinder
  2444 | D:4      | Reached XP level 6. HP: 42/60 MP: 14/14
  2634 | D:4      | Noticed an orc warrior
  2647 | D:4      | Killed an orc warrior
  2648 | D:4      | Reached XP level 7. HP: 56/66 MP: 11/15
  2881 | D:4      | Learned a level 4 spell: Sticky Flame
  3107 | D:4      | Found a hide-covered altar of Uskayaw.
  3248 | D:4      | Reached skill level 6 in Spellcasting
  3346 | D:4      | Noticed Eustachio
  3360 | D:4      | Killed Eustachio
  3361 | D:4      | Reached skill level 5 in Fighting
  3361 | D:4      | Reached XP level 8. HP: 74/74 MP: 13/17
  3542 | D:5      | Entered Level 5 of the Dungeon
  4631 | D:6      | Noticed Edmund
  4658 | D:6      | Killed Edmund
  4659 | D:6      | Reached XP level 9. HP: 81/81 MP: 14/19
  4732 | D:6      | Reached skill level 1 in Fire Magic
  4742 | D:6      | Reached skill level 7 in Spellcasting
  5020 | D:6      | Learned a level 5 spell: Yara's Violent Unravelling
  5481 | D:6      | Found Egru's Assorted Antiques.
  5507 | D:6      | Noticed Jeremiah
  5646 | D:6      | Killed Jeremiah
  6123 | D:7      | Found a staircase to the Ecumenical Temple.
  6136 | D:7      | Reached skill level 10 in Alchemy
  6149 | Temple   | Found a transporter.
  6149 | Temple   | Found a transporter.
  6149 | Temple   | Found a transporter.
  6149 | Temple   | Found a transporter.
  6149 | Temple   | Entered the Ecumenical Temple
  6266 | D:7      | Noticed a hornet
  6281 | D:7      | Killed a hornet
  6282 | D:7      | Reached XP level 10. HP: 79/88 MP: 13/21
  6496 | D:7      | Reached skill level 8 in Spellcasting
  6893 | D:7      | Reached skill level 10 in Stealth
  7444 | D:8      | Noticed an orange demon
  7444 | D:8      | Noticed Amaemon
  7455 | D:8      | Killed an orange demon
  7458 | D:8      | Noticed an elephant
  7471 | D:8      | Killed an elephant
  7471 | D:8      | Killed Amaemon
  7563 | D:8      | Found a flagged portal.
  7588 | Bailey   | Entered a bailey
  8455 | Bailey   | Reached XP level 11. HP: 93/96 MP: 16/23
  8857 | Bailey   | Found an iron altar of Okawaru.
  8876 | Bailey   | Reached skill level 9 in Spellcasting
  8900 | Bailey   | Identified the +1 chain mail of the Tarantula {Will+ rCorr
                  | Int+3}
  9136 | D:8      | Learned a level 4 spell: Olgreb's Toxic Radiance
  9201 | D:8      | Learned a level 4 spell: Ignite Poison
  9356 | D:8      | Found a staircase to the Lair.
  9542 | D:8      | Found Oxeuze's Weapon Shoppe.
  9608 | D:8      | Found a transporter.
  9610 | D:8      | Noticed discipleofbeogh's ghost (novice DsFi)
  9726 | D:8      | Noticed a six-headed hydra
  9729 | D:8      | Noticed an eight-headed hydra
  9737 | D:8      | Killed an eight-headed hydra
  9739 | D:8      | Killed a six-headed hydra
 10648 | D:9      | Found a staircase to the Orcish Mines.
 11371 | D:9      | Identified the +10 whip of the Enormous God {flame, rF-
                  | MP+9 SInv}
 11432 | D:9      | Reached skill level 10 in Spellcasting
 12233 | D:9      | Noticed a moth of wrath
 12236 | D:9      | Found a bloodstained altar of Trog.
 12242 | D:9      | Reached skill level 1 in Staves
 12252 | D:9      | Killed a moth of wrath
 12259 | D:9      | Identified the +5 executioner's axe "Cerats" {protect,
                  | Int+3}
 12407 | D:8      | Found a transporter.
 12738 | D:10     | Entered Level 10 of the Dungeon
 12850 | D:10     | Found an opulent altar of Gozag.
 12870 | D:10     | Became a worshipper of Gozag Ym Sagoz the Greedy
 13041 | D:6      | Bought a smouldering robe for 131 gold pieces
 13041 | D:6      | Identified the +0 robe "Xuamavvi" {rF+ Slay+3} (You bought
                  | it in a shop on level 6 of the Dungeon)
 13053 | D:6      | Bought a potion of curing for 69 gold pieces
 13053 | D:6      | Bought a scroll labelled NUAMAN LEMPULYI for 23 gold pieces
 13053 | D:6      | Bought 2 scrolls labelled DAILOI LUSYENE for 46 gold pieces
 13053 | D:6      | Bought a scroll labelled FOLANLA JAXOCK for 23 gold pieces
 13178 | Orc:1    | Entered Level 1 of the Orcish Mines
 13230 | Orc:1    | You fall into a shaft and drop 1 floor!
 13230 | Orc:2    | Entered Level 2 of the Orcish Mines
 13252 | Orc:2    | Noticed an orc sorcerer
 13263 | Orc:2    | Reached XP level 12. HP: 65/104 MP: 6/26
 13300 | Orc:2    | Noticed an orc high priest
 13894 | Orc:2    | Killed an orc high priest
 14124 | Orc:2    | Found a staircase to the Elven Halls.
 14164 | Orc:2    | Noticed an orc high priest
 14170 | Orc:2    | Reached skill level 11 in Spellcasting
 14174 | Orc:2    | Killed an orc high priest
 14535 | Orc:2    | Noticed an orc high priest
 14541 | Orc:2    | Killed an orc high priest
 14631 | Orc:2    | Found Xarre's Jewellery Shoppe.
 14631 | Orc:2    | Found Muifimn's Distillery.
 14632 | Orc:2    | Found Fuixt's General Store.
 14636 | Orc:2    | Found Caaxac's Armour Shoppe.
 14641 | Orc:2    | Bought a scroll of teleportation for 45 gold pieces
 14641 | Orc:2    | Bought a scroll of identify for 30 gold pieces
 14642 | Orc:2    | Bought a potion of experience for 600 gold pieces
 14642 | Orc:2    | Gained mutation: You can use your snake-like lower body to
                  | constrict enemies. [Naga growth]
 14642 | Orc:2    | Reached XP level 13. HP: 114/114 MP: 28/28
 16832 | D:10     | Found a shimmering altar of Xom.
 16898 | D:10     | Found a hazy altar of Hepliaklqana.
 16952 | D:11     | Noticed Snorg
 16966 | D:11     | Reached XP level 14. HP: 123/123 MP: 25/29
 16969 | D:11     | Killed Snorg
 17394 | D:11     | Reached skill level 12 in Spellcasting
 17684 | D:11     | Reached skill level 15 in Alchemy
 17864 | D:11     | Reached skill level 5 in Staves
 18136 | Lair:1   | Entered Level 1 of the Lair of Beasts
 18616 | Lair:1   | Noticed Grum
 18623 | Lair:1   | Killed Grum
 19469 | Lair:2   | Found a frozen archway.
 19485 | IceCv    | Entered an ice cave
 20778 | IceCv    | Noticed a reaper
 20787 | IceCv    | Killed a reaper
 21126 | Lair:2   | Reached skill level 5 in Fire Magic
 21155 | Lair:2   | Found a staircase to the Swamp.
 21353 | Lair:2   | Reached skill level 13 in Spellcasting
 22208 | Lair:3   | Found a hole to the Spider Nest.
 23520 | Lair:4   | Noticed Biggs's ghost (journeyman CoHu)
 23523 | Lair:4   | Found a runed translucent gate.
 23523 | Lair:4   | Found a runed translucent gate.
 23523 | Lair:4   | Found a runed translucent gate.
 23529 | Lair:4   | Acquired the +0 pair of gloves "Vipuntet" {rPois rC+}
 23554 | Lair:4   | Reached XP level 15. HP: 102/130 MP: 18/32
 24290 | Lair:5   | Entered Level 5 of the Lair of Beasts
 24290 | Lair:5   | Found a staircase to the Slime Pits.
 24290 | Lair:5   | Found a viscous altar of Jiyva.
 24745 | Lair:5   | Reached skill level 14 in Spellcasting
 25721 | Lair:5   | Identified the +10 falchion of the Everdark {venom, Int-4
                  | Dex+5}
 26282 | Elf:1    | Entered Level 1 of the Elven Halls
 26768 | Elf:1    | Reached skill level 1 in Hexes
 27522 | Elf:1    | Reached skill level 15 in Spellcasting
 27649 | Elf:1    | Paralysed by an air elemental for 1 turns
 27655 | Elf:1    | Paralysed by an air elemental for 1 turns
 27663 | Elf:1    | Reached XP level 16. HP: 64/140 MP: 25/35
 27800 | Elf:1    | Gained mutation: Potions are less effective at restoring
                  | your health. [you]
 28125 | Elf:1    | Identified the +2 scale mail of the Harvest Moon {rPois
                  | rF+}
 29040 | Elf:2    | Found Vaotoli's Weapon Shop.
 29400 | Elf:2    | Noticed Saint Roka
 29411 | Elf:2    | Killed Saint Roka
 30655 | Elf:2    | Found a runed translucent gate.
 30656 | Elf:2    | Found a runed translucent gate.
 30656 | Elf:2    | Found a runed translucent gate.
 31128 | D:12     | Reached skill level 16 in Spellcasting
 32240 | D:12     | You fall into a shaft and drop 3 floors!
 32240 | D:15     | Entered Level 15 of the Dungeon
 32367 | D:15     | Found the -2 hat of the Alchemist {rElec rPois rF+ rC+ rN+
                  | Will+ rMut rCorr}
 32644 | D:15     | Found a staircase to the Depths.
 32941 | D:13     | Found a gate leading to a gauntlet.
 32950 | Gauntlet | Entered a Gauntlet
 32950 | Gauntlet | Found a transporter.
 32958 | Gauntlet | Found a transporter.
 32960 | Gauntlet | Found a transporter.
 32971 | Gauntlet | Found a transporter.
 32974 | Gauntlet | Found a transporter.
 32986 | Gauntlet | Found a transporter.
 33001 | Gauntlet | Found a transporter.
 33013 | Gauntlet | Found a transporter.
 33025 | Gauntlet | Found a transporter.
 33030 | Gauntlet | Found a transporter.
 33030 | Gauntlet | Found a transporter.
 33058 | Gauntlet | Found a transporter.
 33058 | Gauntlet | Found a transporter.
 33111 | Gauntlet | Found a transporter.
 33386 | Gauntlet | Identified the ring "Hossoiri" {rElec Will+ rCorr}
 33476 | Gauntlet | Identified the +7 short sword of Hubris {freeze, rF+ MP+9}
 33665 | D:12     | Learned a level 6 spell: Bombard
 34317 | D:12     | Reached XP level 17. HP: 142/151 MP: 34/37
 34536 | D:13     | Found a runed translucent door.
 34541 | D:13     | Noticed Biggs's ghost (journeyman CoHu)
 34593 | D:13     | Reached skill level 1 in Earth Magic
 34836 | D:13     | Reached skill level 17 in Spellcasting
 35572 | D:9      | Learned a level 3 spell: Passwall
 35880 | Elf:3    | Entered Level 3 of the Elven Halls
 35928 | Elf:3    | Reached skill level 15 in Stealth
 36064 | Elf:3    | Paralysed by an air elemental for 1 turns
 36960 | Elf:3    | Found Dufricot's Jewellery Shoppe.
 36960 | Elf:3    | Found Miloz's Distillery.
 36961 | Elf:3    | Found Fatoz's Armour Shoppe.
 36965 | Elf:3    | Found Duef's Magic Scroll Emporium.
 36978 | Elf:3    | Bought a scroll of teleportation for 54 gold pieces
 36978 | Elf:3    | Bought a scroll of identify for 36 gold pieces
 36978 | Elf:3    | Bought a scroll of identify for 36 gold pieces
 36978 | Elf:3    | Bought a scroll of poison for 72 gold pieces
 36978 | Elf:3    | Bought a scroll of identify for 36 gold pieces
 36978 | Elf:3    | Bought a scroll of identify for 36 gold pieces
 36978 | Elf:3    | Bought a scroll of teleportation for 54 gold pieces
 36978 | Elf:3    | Bought a scroll of identify for 36 gold pieces
 36989 | Elf:3    | Bought a potion of curing for 33 gold pieces
 36989 | Elf:3    | Bought a potion of curing for 33 gold pieces
 36989 | Elf:3    | Bought a potion of mutation for 88 gold pieces
 36989 | Elf:3    | Bought a potion of resistance for 110 gold pieces
 36989 | Elf:3    | Bought a potion of brilliance for 44 gold pieces
 37116 | Elf:3    | Noticed a deep elf blademaster
 37127 | Elf:3    | Killed a deep elf blademaster
 37261 | Elf:3    | Noticed a deep elf master archer
 37645 | Elf:3    | Identified the +4 robe of the Saviour {rPois Will+}
 37645 | Elf:3    | Identified the ring of Pahot {rC- Will+ AC+4 Int+6 Stlth+}
 37670 | Elf:3    | Reached skill level 10 in Conjurations
 37846 | Elf:3    | Killed a deep elf master archer
 38263 | Elf:3    | Noticed a deep elf master archer
 38276 | Elf:3    | Killed a deep elf master archer
 38288 | Elf:3    | Noticed a deep elf blademaster
 38609 | Elf:3    | Killed a deep elf blademaster
 38782 | Elf:3    | Noticed a deep elf master archer
 38846 | Elf:3    | Noticed a deep elf blademaster
 38856 | Elf:3    | Killed a deep elf blademaster
 38914 | Elf:3    | HP: 5/151 [deep elf master archer/arrow (18)]
 38915 | Elf:3    | Shot with an arrow by a deep elf master archer

Illustrated notes

Levels and vault maps discovered:
D:1:      lightli_arrival_flooded_house, layout_loops_ring,
          dreamdust_ecumenical_altar_hidden_monk_grotto
D:2:      layout_rooms, kennysheep_minor_cross, chequers_garden
D:3:      layout_rooms
D:4:      layout_gridville, mainiacjoe_overflow_24_doors, serial_forest,
          infiniplex_forest_fountain, infiniplex_forest_end_1,
          infiniplex_forest_straight_2, infiniplex_forest_corner_1,
          infiniplex_forest_clump_long, infiniplex_forest_clump_diagonal,
          infiniplex_forest_lined_corner, infiniplex_forest_end_2,
          amcnicky_mini_corridor_feature, uniq_grinder, uniq_eustachio
D:5:      layout_rooms, nrook_campfire, nicolae_zen_rock_garden
D:6:      layout_basic, serial_shops, kennysheep_little_box, minmay_checkerbox,
          uniq_jeremiah, uniq_edmund
D:7:      layout_basic
D:8:      hellmonk_ruined_rings, layout_rooms, david_lair_generic,
          enter_bailey_3, gammafunk_ghost_smash, serial_shops,
          nicolae_shop_bloodbath_and_beyond, nzn_random_ring, uniq_amaemon
D:9:      layout_loops_corners, tgw_trog, zombieorc1_lemuel
D:10:     layout_basic, amethyst_overflow_temple_binary,
          worldfamousw_hep_ancestral_shrine
D:11:     layout_basic, uniq_snorg
D:12:     hangedman_cross_cluster, layout_basic
D:13:     layout_irregular_city, gauntlet_entry_generic,
          ebering_ghost_reflecting_pool, st_stairs_9
D:14:     layout_cave_pools, david_vaults_4, columned_hall_lemuel
D:15:     grunt_enter_depths_giant_problem, layout_gridville,
          nicolae_figureground_pulse, minmay_mirror_moons_of_madness
Temple:   hellmonk_temple_divided_pantheon
Lair:1:   layout_cave_pods, minivault_27, lemuel_fruit_tree, uniq_grum
Lair:2:   layout_roguey, swamp_mist, portal_ice_cave_entry_imps,
          serial_bayou_pond_c, serial_bayou_pond_a, kilobyte_rumbling_trees,
          infiniplex_staircase_pool_2
Lair:3:   layout_cellular_growth, spider_nest_entry_rubble
Lair:4:   layout_hall_layers, gammafunk_ghost_split,
          chequers_serial_rivers_large_b
Lair:5:   gammafunk_lair_ancient_temple, layout_layer_cave, slime_entry_1,
          roderic_batcave
Orc:1:    layout_caves
Orc:2:    st_orc_mages, layout_caves
Elf:1:    layout_geoelf_octagon, regret_index_elf_centigrade
Elf:2:    nicolae_elf_blades_crystal_corner, layout_onion_city, serial_shops,
          shop, uniq_saint_roka
Elf:3:    minmay_elf_hall_furrowed, layout_loops_cross, minmay_shoptagon

Skill      XL: |  1  2  3  4  5  6  7  8  9 10 11 12 13 14 15 16 17 |
---------------+----------------------------------------------------+-----
Alchemy        | 4 7 8 9 10 11 12 14 16 | 16.8
Spellcasting   | 5 6 7 8 10 11 13 15 16 17 | 17.9
Conjurations   | 5 6 7 8 9 10 | 10.3
Fighting       | 4 5 6 7 8 9 |  9.6
Stealth        | 8 9 10 11 12 13 14 15 | 15.4
Fire Magic     | 1 3 4 5 6 |  6.3
Staves         | 1 3 4 5 6 8 |  8.6
Evocations     | 2 3 4 |  4.6
Hexes          | 2 3 |  3.5
Earth Magic    | 4 |  4.6
Dodging        | |  1.5

Action                     |  1- 3 |  4- 6 |  7- 9 | 10-12 | 13-15 | 16-18 || total
---------------------------+-------+-------+-------+-------+-------+-------++-------
  Melee: Unarmed           |    12 |       |       |       |       |       ||    12
         Dagger            |     5 |    41 |    90 |   283 |       |       ||   419
         Punch             |     1 |       |       |       |       |       ||     1
         Staff             |       |       |       |   183 |   459 |   417 ||  1059
         Constrict         |       |       |       |       |   124 |    90 ||   214
  Throw: Javelin           |       |       |    10 |       |     9 |    19 ||    38
         Dart              |       |       |     2 |    12 |     9 |     8 ||    31
   Cast: Sting             |    58 |    17 |   106 |   108 |    32 |    25 ||   346
         Mercury Vapours   |       |     3 |    16 |    49 |    49 |   107 ||   224
         Mephitic Cloud    |       |     1 |    15 |    33 |    38 |    55 ||   142
         Sticky Flame      |       |       |    15 |    64 |    89 |    70 ||   238
         Olgreb's Toxic Ra |       |       |       |    25 |    51 |    46 ||   122
         Ignite Poison     |       |       |       |     2 |     9 |     8 ||    19
         Yara's Violent Un |       |       |       |       |    17 |    35 ||    52
         Bombard           |       |       |       |       |       |    12 ||    12
 Invoke: Potion Petition   |       |       |       |       |     2 |     4 ||     6
Ability: Spit Poison       |    18 |     9 |    23 |    32 |    24 |    26 ||   132
  Evoke: Wand              |       |     8 |     6 |    21 |    45 |    36 ||   116
         Phial of floods   |       |       |       |       |       |     2 ||     2
    Use: Scroll            |     1 |     5 |     2 |     7 |     6 |    18 ||    39
         Potion            |       |     3 |       |     7 |     1 |     4 ||    15
   Stab: Sleeping          |       |     1 |       |     5 |     8 |     1 ||    15
         Confused          |       |     2 |     4 |    13 |    16 |    17 ||    52
         Held in net/web   |       |       |       |       |     1 |       ||     1
         Distracted        |       |       |       |       |     1 |     2 ||     3
 Armour: Robe              |    20 |    28 |    93 |   479 |   576 |   570 ||  1766
         Skin              |       |       |       |    84 |       |       ||    84
  Dodge: Dodged            |    18 |    17 |    55 |   265 |   226 |   162 ||   743

Table legend: (Time is in decaauts)
 A = Elapsed time spent in this place.
 B = Non-inter-level travel time spent in this place.
 C = Inter-level travel time spent in this place.
 D = Time resting spent in this place.
 E = Time spent auto-exploring this place.
 F = Levels seen in this place.
 G = Mean time per level.
                   A        B        C        D        E       F      G
               +--------+--------+--------+--------+--------+-----+--------+
         Total |  45934 |  43032 |   2902 |  12679 |  23199 |  29 | 1583.9 |
       Dungeon |  22156 |  20087 |   2069 |   4401 |  12360 |  15 | 1477.1 |
        Temple |    143 |    142 |      1 |     34 |      0 |   1 |  143.0 |
          Lair |   8344 |   7864 |    480 |    937 |   5844 |   5 | 1668.8 |
  Orcish Mines |   3088 |   2869 |    219 |   1018 |   1319 |   2 | 1544.0 |
   Elven Halls |   8325 |   8193 |    132 |   4506 |   2435 |   3 | 2775.0 |
        Bailey |   1699 |   1699 |      0 |    734 |    675 |   1 | 1699.0 |
      Ice Cave |   1490 |   1490 |      0 |    921 |    231 |   1 | 1490.0 |
      Gauntlet |    686 |    686 |      0 |    127 |    333 |   1 |  686.0 |
               +--------+--------+--------+--------+--------+-----+--------+

Top non-repeatable levels by time:
   Elf:3: 3254 daAuts
   Elf:2: 2574 daAuts
     D:9: 2557 daAuts
    D:12: 2529 daAuts
   Elf:1: 2496 daAuts
     D:6: 2215 daAuts
   Orc:2: 2094 daAuts
  Lair:5: 2028 daAuts
     D:8: 1971 daAuts
    D:10: 1917 daAuts
     D:7: 1823 daAuts
  Bailey: 1699 daAuts
  Lair:1: 1697 daAuts
  Lair:2: 1583 daAuts
    D:11: 1541 daAuts
